 Seeded DCSS version 0.30.1-4-g462c640d31 (webtiles) character file.

Game seed: 6351066067085065685 (custom seed)

0 Esekla the Magician (level 1, -1/10 HPs)
             Began as a Deep Elf Wanderer on Sept 14, 2023.
             Slain by a kobold
             ... wielding a +0 short sword
              (3 damage)
             ... on level 1 of the Dungeon.
             The game lasted 00:01:23 (163 turns).

Esekla the Magician (Deep Elf Wanderer)              Turns: 163, Time: 00:01:24

Health: -1/10      AC:  2    Str: 11    XL:     1   Next: 8%
Magic:  7/7        EV: 10    Int: 17    God:
Gold:   0          SH:  3    Dex: 11    Spells: 6/8 levels left

rFire   . . .        a - +0 short sword
rCold   . . .        d - +0 buckler
rNeg    . . .        c - +0 robe
rPois   .            (no helmet)
rElec   .            (no cloak)
rCorr   .            (no gloves)
SInv    .            (no boots)
Will    .....        (no amulet)
Stlth   ++           (no ring)
HPRegen 0.21/turn    (no ring)
MPRegen 0.10/turn

%: no passive effects
@: no status effects
A: no striking features
a: no special abilities


You were on level 1 of the Dungeon.
You visited 1 branch of the dungeon, and saw 1 of its levels.

Inventory:

Hand Weapons
 a - a +0 short sword (weapon)
Armour
 c - a +0 robe (worn)
 d - a +0 buckler (worn)
Scrolls
 f - a scroll of fear {unknown}
Potions
 b - a potion of lignification
 e - a potion of ambrosia {unknown}


   Skills:
 + Level 1.2 Stealth
 + Level 1.5 Shields
 * Level 4.4 Spellcasting
 + Level 2.1 Translocations
 + Level 1.0 Invocations


You had 6 spell levels left.
You knew the following spells:

 Your Spells              Type           Power      Damage    Failure   Level
a - Magic Dart            Conj           12%        1d3       22%         1
p - Apportation           Tloc           22%        N/A       9%          1

Your spell library contained the following spells:

 Spells                   Type           Power      Damage    Failure   Level
 Blink                    Tloc           22%        N/A       14%         2
 Lesser Beckoning         Tloc           22%        N/A       14%         2
 Ignite Poison            Fire/Tmut/Pois 3%         N/A       54%         3
 Vampiric Draining        Necr           3%         2d6       54%         3


Dungeon Overview and Level Annotations

Branches:
Dungeon (1/15)

Altars:


Message History

Your magical contamination has completely faded away.
You start resting.
Magic restored.
A kobold comes into view. It is wielding a +0 short sword.
A ball python comes into view.
The kobold shouts!
Found a fuming coppery potion.
You see here a fuming coppery potion.
e - a fuming coppery potion
Found a scroll labelled QOIXKOT YTEE.
Found a scroll labelled OPUZOUSOET.
You see here a scroll labelled QOIXKOT YTEE.
f - a scroll labelled QOIXKOT YTEE The kobold attacks as you move away!
The kobold closely misses you.
The ball python attacks as you move away!
The ball python closely misses you. The ball python barely misses you.
The kobold attacks as you move away!
The kobold hits you with a +0 short sword.
The kobold attacks as you move away! The kobold barely misses you.
The kobold attacks as you move away!
The kobold hits you with a +0 short sword.
The kobold attacks as you move away!
The kobold hits you with a +0 short sword.
Found a puce potion.
The kobold attacks as you move away!
The kobold hits you with a +0 short sword.
A ball python and a frilled lizard come into view.
A goblin comes into view. It is wielding a +0 club.
The kobold attacks as you move away! The kobold misses you.
Found a runed orb.
The kobold attacks as you move away!
The kobold hits you with a +0 short sword.
* * * LOW HITPOINT WARNING * * *
The frilled lizard hisses angrily.
The kobold attacks as you move away!
The kobold hits you with a +0 short sword.
* * * LOW HITPOINT WARNING * * *
Found a bubbling green potion.
The kobold attacks as you move away!
The kobold hits you with a +0 short sword.
You die...

#........ #.####
##...?..# #....#
....##..########..#
....#............##
......#.##########
##......##
#.#.S...###
#.K.....#
#.@lS##....
#.[.....# ##..
##!.......! .
#.#.....###
#.#...g## # .....#
.#....# ######


You could see a goblin (asleep), 2 ball pythons, a kobold and a frilled lizard.

Vanquished Creatures
  A kobold (D:1)
1 creature vanquished.

Notes
Turn   | Place    | Note
-------+----------+-------------------------------------------
     0 | D:1      | Esekla the Deep Elf Wanderer began the quest for the Orb.
     0 | D:1      | Esekla set off with the following items: a +0 club, a
                  | potion of lignification, a +0 robe, a +0 buckler; and the
                  | following spells available to memorise: Apportation, Blink,
                  | Lesser Beckoning, Magic Dart, Ignite Poison, Vampiric
                  | Draining.
     0 | D:1      | Reached XP level 1. HP: 10/10 MP: 7/7
     3 | D:1      | Learned a level 1 spell: Magic Dart
     5 | D:1      | Learned a level 1 spell: Apportation
   163 | D:1      | Slain by a kobold

Illustrated notes

Levels and vault maps discovered:
D:1:      sevenhm_arrival_forest_fort_small_3, layout_rooms,
          chequers_serial_rivers_room_b, minmay_misc_feat_five

Action                     || total
---------------------------++-------
   Cast: Magic Dart        ||     3
 Armour: Robe              ||     1
  Dodge: Dodged            ||     6
